Avalanche vs Senateurs (R1)

Created - 21 avril 2015 at 19:14

Goals
1 2 3 T
Avalanche 0 1 4 5
Senateurs 2 2 0 4
Shots
1 2 3 T
Avalanche 16 5 13 34
Senateurs 6 12 9 27

1st period

1. Senateurs , Nikita Alexeev 1 (Dan Hamhuis) at 3:22
2. Senateurs , Gilbert Brule 6 (Carlo Colaiacovo, Jean-Pierre Dumont) at 13:51

Penalties :
Andy McDonald (Ott) for Goalie Interference (Minor) at 16:38

2nd period

3. Senateurs , Gilbert Brule 7 (Jean-Pierre Dumont) at 9:54
4. Avalanche , Jason Pominville 2 (Max Pacioretty) at 16:43
5. Senateurs , Brenden Morrow 2 (Carlo Colaiacovo, Daymond Langkow) at 16:51

Penalties :
Todd Bertuzzi (Ott) for Hooking (Minor) at 2:33, Jack Johnson (Col) for Slashing (Minor) at 4:47, Jean-Pierre Dumont (Ott) for High sticking (Minor) at 14:42

3rd period

6. Avalanche , Drew Doughty 2 (Jason Pominville, Pierre-Marc Bouchard) at 2:42 (PP)
7. Avalanche , Jason Pominville 3 (Pierre-Marc Bouchard, Brian Campbell) at 12:38
8. Avalanche , Max Pacioretty 1 (Jason Pominville, Drew Doughty) at 16:31 (PP)
9. Avalanche , Max Pacioretty 2 (Drew Doughty, Jason Pominville) at 17:40

Penalties :
Todd Bertuzzi (Ott) for Hooking (Minor) at 2:09, Nikita Alexeev (Ott) for Holding Stick (Minor) at 4:07, Corey Perry (Col) for Cross-checking (Minor) at 7:13, Andrew Ladd (Col) for Goalie Interference (Minor) at 7:32, Jean-Pierre Dumont (Ott) for Tripping (Minor) at 14:39

Goalie Stats

Jimmy Howard (Col), 12 saves from 12 shots - (1,000), W, 1-2-0, 23:09 minutes
Marty Turco (Col), 11 saves from 15 shots - (0,733), 36:51 minutes
Ondrej Pavelec (Ott), 29 saves from 34 shots - (0,853), L, 2-2-0, 58:54 minutes

Players Stats for Avalanche

Player Name              G  A  P  +/- PIM S  H  SB GA TA FO     MP     PP MP  PK MP  
------------------------------------------------------------------------------------
Andrew Ladd              0  0  0  -1  2   1  0  1  0  0  0/0    10:18   0:06   1:18 
Brian Campbell           0  1  1   1  0   1  0  1  0  0  0/0    17:27   3:42   0:48 
Bryan Little             0  0  0  -1  0   2  1  0  0  0  2/4     8:24   0:00   0:00 
Chuck Kobasew            0  0  0  -1  0   0  1  0  1  0  0/1     9:43   0:06   0:58 
Corey Perry              0  0  0  -1  2   6  1  0  0  0  1/2    20:11   5:20   0:15 
Dave Tanabe              0  0  0  -1  0   0  2  1  0  1  0/0    22:24   6:27   1:47 
Drew Doughty             1  2  3   1  0   1  0  1  1  1  0/0    19:49   5:58   0:00 
Dustin Byfuglien         0  0  0   0  0   3  2  0  1  0  0/0     9:48   0:06   0:15 
Jack Johnson             0  0  0  -1  2   1  2  2  1  0  0/0    20:36   0:41   1:41 
Jason Allison            0  0  0  -1  0   4  0  0  1  0  18/35  20:36   5:20   0:32 
Jason Pominville         2  3  5   1  0   4  0  1  2  0  0/1    18:01   4:55   0:27 
Marc Staal               0  0  0  -2  0   0  0  0  0  1  0/0    24:19   3:54   2:35 
Max Pacioretty           2  1  3   1  0   5  3  0  0  0  0/0    17:34   4:55   0:00 
Michael Rupp             0  0  0   0  0   0  2  0  0  0  0/0     9:09   0:00   0:42 
Mike Comrie              0  0  0   0  0   0  2  0  0  0  3/6    11:46   0:00   2:26 
Pierre-Marc Bouchard     0  2  2   1  0   1  0  0  0  0  6/11   17:34   4:55   0:00 
Ryan Smyth               0  0  0  -1  0   5  2  1  0  0  0/0    20:50   5:20   0:00 
Shane O'Brien            0  0  0   0  0   0  1  1  0  0  0/0    15:31   0:00   1:43 

Players Stats for Senateurs

Player Name              G  A  P  +/- PIM S  H  SB GA TA FO     MP     PP MP  PK MP  
------------------------------------------------------------------------------------
Andrew Ebbett            0  0  0   0  0   0  0  0  0  0  4/8    10:28   0:08   0:27 
Andy Hilbert             0  0  0   1  0   0  1  0  0  0  0/0     8:15   0:00   1:45 
Andy McDonald            0  0  0   0  2   1  3  1  0  0  0/1    16:14   1:57   2:28 
B.J. Crombeen            0  0  0   0  0   0  4  0  0  0  0/0     9:40   0:00   0:00 
Brenden Morrow           1  0  1   0  0   8  2  1  0  1  5/10   24:47   2:20   5:18 
Carlo Colaiacovo         0  2  2   2  0   2  0  0  0  1  0/0     9:48   0:00   0:00 
Dan Girardi              0  0  0   2  0   0  1  0  0  0  0/0     9:48   0:00   0:00 
Dan Hamhuis              0  1  1   1  0   0  1  3  1  1  0/0    19:56   1:48   4:15 
Darcy Hordichuk          0  0  0  -1  0   1  4  0  0  0  0/1    13:14   0:00   3:04 
Daymond Langkow          0  1  1   0  0   2  1  0  0  0  16/31  24:53   2:12   5:32 
Gilbert Brule            2  0  2   1  0   3  1  0  0  0  2/4    13:30   1:57   0:00 
Jean-Pierre Dumont       0  2  2   0  4   2  1  0  0  0  0/0    13:30   1:57   0:00 
Kurtis Foster            0  0  0  -2  0   2  2  1  1  0  0/0    30:16   2:29   6:06 
Nikita Alexeev           1  0  1   1  2   2  0  0  0  0  1/2     9:05   0:00   2:08 
Rob Niedermayer          0  0  0   1  0   0  0  0  0  0  0/1     6:30   0:00   0:00 
Sami Salo                0  0  0   1  0   0  2  0  1  0  0/0    19:56   1:48   4:15 
Todd Bertuzzi            0  0  0   0  4   3  0  0  0  2  2/2    19:27   2:20   0:00 
Vitaly Vishnevsky        0  0  0  -2  0   1  4  3  0  2  0/0    30:16   2:29   6:06 

3 Stars

1 - Jason Pominville (Col)
2 - Max Pacioretty (Col)
3 - Gilbert Brule (Ott)

Power Play

Avalanche - 2 on 6 Attempt(s) - 33,33%
Senateurs - 0 on 3 Attempt(s) - 0,00%

Penalty Kill

Avalanche - 3 on 3 Attempt(s) - 100,00% - Score 0 goal in Penalty Kill
Senateurs - 4 on 6 Attempt(s) - 66,67% - Score 0 goal in Penalty Kill

Team Stat

Avalanche - Hits : 19 - Faceoff Wins : 30 - Blocked Shots : 9 - Penalty Minutes : 6
Senateurs - Hits : 27 - Faceoff Wins : 30 - Blocked Shots : 9 - Penalty Minutes : 12

Official

Referees : Sutherland Kelly and McCreary Bill
Linesman : Steve Miller and Mike Cvik

Game Notes

Jimmy Howard enters game at 16:51 of 2nd period

Finance

Level 1 -- Attendance: 6000 (100,00%) -- Ticket Income 480 000 $
Level 2 -- Attendance: 5000 (100,00%) -- Ticket Income 250 000 $
Level 3 -- Attendance: 2000 (100,00%) -- Ticket Income 60 000 $
Level 4 -- Attendance: 4000 (100,00%) -- Ticket Income 60 000 $
Luxury Box -- Attendance: 1000 (100,00%) -- Ticket Income 160 000 $
Game was played at the Place Banque Scotia'
Total Attendance: 18000 (100,00%)
Total Ticket Income: 1 010 000 $
Other Income: 151 500 $
Total Income: 1 161 500 $

Avalanche

5 vs 5 Forward 
   Center                   Left Wing                Right Wing               Time % Phy DF OF 
 1 Jason Allison            Ryan Smyth               Corey Perry              40     1   2  2  
 2 Pierre-Marc Bouchard     Max Pacioretty           Jason Pominville         30     1   2  2  
 3 Mike Comrie              Michael Rupp             Dustin Byfuglien         15     1   2  2  
 4 Bryan Little             Andrew Ladd              Chuck Kobasew            15     1   2  2  

5 vs 5 Defense 
   Defense                  Defense                                           Time % Phy DF OF 
 1 Jack Johnson             Marc Staal                                        40     1   3  1  
 2 Brian Campbell           Drew Doughty                                      30     1   3  1  
 3 Dave Tanabe              Shane O'Brien                                     30     1   3  1  
 4 Jack Johnson             Marc Staal                                        0      1   3  1  

PowerPlay Forward 
   Center                   Left Wing                Right Wing               Time % Phy DF OF 
 1 Jason Allison            Ryan Smyth               Corey Perry              60     0   2  3  
 2 Pierre-Marc Bouchard     Max Pacioretty           Jason Pominville         40     0   2  3  

PowerPlay Defense
   Defense                  Defense                                           Time % Phy DF OF 
 1 Drew Doughty             Dave Tanabe                                       60     0   2  3  
 2 Marc Staal               Brian Campbell                                    40     0   2  3  

Penalty Kill 4 Players Forward 
   Center                   Wing                     Time % Phy DF OF 
 1 Mike Comrie              Andrew Ladd              60     1   3  1  
 2 Dustin Byfuglien         Chuck Kobasew            40     1   3  1  

Penalty Kill 4 Players Defense
   Defense                  Defense                  Time % Phy DF OF 
 1 Jack Johnson             Marc Staal               60     1   3  1  
 2 Dave Tanabe              Shane O'Brien            40     1   3  1  

Penalty Kill - 3 Players Forward 
   Forward                                           Time % Phy DF OF 
 1 Mike Comrie                                       60     1   2  2  
 2 Jason Pominville                                  40     1   2  2  

Penalty Kill - 3 Players Defense
   Defense                  Defense                  Time % Phy DF OF 
 1 Jack Johnson             Marc Staal               60     1   2  2  
 2 Dave Tanabe              Shane O'Brien            40     1   2  2  

4 vs 4 Forward 
   Center                   Wing                     Time % Phy DF OF 
 1 Jason Allison            Jason Pominville         60     1   2  2  
 2 Mike Comrie              Ryan Smyth               40     1   2  2  

4 vs 4 Defense
   Defense                  Defense                  Time % Phy DF OF 
 1 Jack Johnson             Marc Staal               60     1   2  2  
 2 Dave Tanabe              Drew Doughty             40     1   2  2  

Last Minutes Offensive
   Center                   Left Wing                Right Wing               Defense                  Defense                  
   Jason Allison            Ryan Smyth               Jason Pominville         Drew Doughty             Dave Tanabe              

Last Minutes Defensive
   Center                   Left Wing                Right Wing               Defense                  Defense                  
   Mike Comrie              Ryan Smyth               Dustin Byfuglien         Jack Johnson             Marc Staal               

Goaltenders
Starting : Marty Turco              
Backup : Jimmy Howard             

Extra Forwards
Normal : Dustin Byfuglien, Andrew Ladd, Chuck Kobasew - PP : Dustin Byfuglien, Andrew Ladd - PK : Chuck Kobasew
Extra Defensemen
Normal : Drew Doughty, Shane O'Brien, Dave Tanabe - PP : Drew Doughty - PK : Shane O'Brien, Dave Tanabe
Penalty Shots
Dustin Byfuglien, Jason Pominville, Pierre-Marc Bouchard, Ryan Smyth, Mike Comrie

Senateurs

5 vs 5 Forward 
   Center                   Left Wing                Right Wing               Time % Phy DF OF 
 1 Daymond Langkow          Brenden Morrow           Todd Bertuzzi            40     1   2  2  
 2 Gilbert Brule            Andy McDonald            Jean-Pierre Dumont       30     1   2  2  
 3 Andrew Ebbett            Darcy Hordichuk          B.J. Crombeen            20     1   2  2  
 4 Rob Niedermayer          Andy Hilbert             Nikita Alexeev           10     1   2  2  

5 vs 5 Defense 
   Defense                  Defense                                           Time % Phy DF OF 
 1 Vitaly Vishnevsky        Kurtis Foster                                     40     1   2  2  
 2 Dan Hamhuis              Sami Salo                                         30     1   2  2  
 3 Carlo Colaiacovo         Dan Girardi                                       20     1   2  2  
 4 Vitaly Vishnevsky        Kurtis Foster                                     10     1   2  2  

PowerPlay Forward 
   Center                   Left Wing                Right Wing               Time % Phy DF OF 
 1 Daymond Langkow          Brenden Morrow           Todd Bertuzzi            60     1   2  2  
 2 Gilbert Brule            Andy McDonald            Jean-Pierre Dumont       40     1   2  2  

PowerPlay Defense
   Defense                  Defense                                           Time % Phy DF OF 
 1 Vitaly Vishnevsky        Kurtis Foster                                     60     1   2  2  
 2 Dan Hamhuis              Sami Salo                                         40     1   2  2  

Penalty Kill 4 Players Forward 
   Center                   Wing                     Time % Phy DF OF 
 1 Brenden Morrow           Daymond Langkow          60     1   2  2  
 2 Andy McDonald            Darcy Hordichuk          40     1   2  2  

Penalty Kill 4 Players Defense
   Defense                  Defense                  Time % Phy DF OF 
 1 Vitaly Vishnevsky        Kurtis Foster            60     1   2  2  
 2 Dan Hamhuis              Sami Salo                40     1   2  2  

Penalty Kill - 3 Players Forward 
   Forward                                           Time % Phy DF OF 
 1 Brenden Morrow                                    60     1   2  2  
 2 Daymond Langkow                                   40     1   2  2  

Penalty Kill - 3 Players Defense
   Defense                  Defense                  Time % Phy DF OF 
 1 Vitaly Vishnevsky        Kurtis Foster            60     1   2  2  
 2 Dan Hamhuis              Sami Salo                40     1   2  2  

4 vs 4 Forward 
   Center                   Wing                     Time % Phy DF OF 
 1 Brenden Morrow           Daymond Langkow          60     1   2  2  
 2 Andy McDonald            Darcy Hordichuk          40     1   2  2  

4 vs 4 Defense
   Defense                  Defense                  Time % Phy DF OF 
 1 Vitaly Vishnevsky        Kurtis Foster            60     1   2  2  
 2 Dan Hamhuis              Sami Salo                40     1   2  2  

Last Minutes Offensive
   Center                   Left Wing                Right Wing               Defense                  Defense                  
   Daymond Langkow          Brenden Morrow           Todd Bertuzzi            Vitaly Vishnevsky        Kurtis Foster            

Last Minutes Defensive
   Center                   Left Wing                Right Wing               Defense                  Defense                  
   Daymond Langkow          Brenden Morrow           Todd Bertuzzi            Vitaly Vishnevsky        Kurtis Foster            

Goaltenders
Starting : Ondrej Pavelec           
Backup : Jeff Deslauriers         

Extra Forwards
Normal : Andrew Ebbett, B.J. Crombeen, Nikita Alexeev - PP : Andrew Ebbett, B.J. Crombeen - PK : Nikita Alexeev
Extra Defensemen
Normal : Carlo Colaiacovo, Dan Girardi, Dan Hamhuis - PP : Carlo Colaiacovo - PK : Dan Girardi, Dan Hamhuis
Penalty Shots
Brenden Morrow, Daymond Langkow, Andy McDonald, Darcy Hordichuk, Gilbert Brule

% Time on Ice - Avalanche

Lines # - Real PCT - Wanted PCT - Time Play
Normal Forward
1 - 34% - 40% - 15:07
2 - 28% - 30% - 12:39
3 - 19% - 15% - 8:19
4 - 19% - 15% - 8:24
Normal Defense
1 - 40% - 40% - 17:51
2 - 30% - 30% - 13:13
3 - 30% - 30% - 13:25
4 - 0% - 0% - 0:00
PP Forward
1 - 52% - 60% - 5:26
2 - 48% - 40% - 4:55
PP Defense
1 - 62% - 60% - 6:27
2 - 38% - 40% - 3:54
PK Forward
1 - 90% - 60% - 2:22
2 - 10% - 40% - 0:15
PK Defense
1 - 87% - 60% - 2:16
2 - 13% - 40% - 0:21
PK3 Forward
1 - 73% - 60% - 1:13
2 - 27% - 40% - 0:27
PK3 Defense
1 - 67% - 60% - 1:07
2 - 33% - 40% - 0:33
44 Forward
1 - 0% - 60%
2 - 0% - 40%
44 Defense
1 - 0% - 60%
2 - 0% - 40%
Last Minute Offensive  - 0:00
Last Minute Defensive  - 0:53
Total
Forward - 60:00
Defense - 60:00

% Time on Ice - Senateurs

Lines # - Real PCT - Wanted PCT - Time Play
Normal Forward
1 - 36% - 40% - 15:56
2 - 27% - 30% - 12:03
3 - 22% - 20% - 9:40
4 - 15% - 10% - 6:30
Normal Defense
1 - 43% - 40% - 19:05
2 - 31% - 30% - 13:53
3 - 22% - 20% - 9:33
4 - 4% - 10% - 1:38
PP Forward
1 - 54% - 60% - 2:20
2 - 46% - 40% - 1:57
PP Defense
1 - 58% - 60% - 2:29
2 - 42% - 40% - 1:48
PK Forward
1 - 70% - 60% - 7:17
2 - 30% - 40% - 3:04
PK Defense
1 - 59% - 60% - 6:06
2 - 41% - 40% - 4:15
PK3 Forward
1 - 0% - 60%
2 - 0% - 40%
PK3 Defense
1 - 0% - 60%
2 - 0% - 40%
44 Forward
1 - 0% - 60%
2 - 0% - 40%
44 Defense
1 - 0% - 60%
2 - 0% - 40%
Last Minute Offensive  - 1:13
Last Minute Defensive  - 0:00
Total
Forward - 60:00
Defense - 60:00

Play by Play

1st period


0:01 of 1st period - Jason Allison wins face-off versus Daymond Langkow in neutral zone.
0:47 of 1st period - Slapshot by Michael Rupp.
0:47 of 1st period - Shot Blocked by Dan Hamhuis.
0:50 of 1st period - Icing by Dan Hamhuis.
0:51 of 1st period - Bryan Little wins face-off versus Andrew Ebbett in Senateurs zone.
1:17 of 1st period - Brenden Morrow is hit by Ryan Smyth and loses puck.
2:21 of 1st period - Off-side.
2:22 of 1st period - Daymond Langkow wins face-off versus Jason Allison in neutral zone.
3:16 of 1st period - Snap shot by Jason Pominville.
3:16 of 1st period - Shot Misses the Net.
3:22 of 1st period - Snap shot by Nikita Alexeev.
3:22 of 1st period - Goal by Nikita Alexeev - Avalanche : 0 - Senateurs : 1.
3:23 of 1st period - Jason Allison wins face-off versus Daymond Langkow in neutral zone.
3:32 of 1st period - Backhand shot by Corey Perry.
3:32 of 1st period - Stopped by Ondrej Pavelec without a rebound.
3:33 of 1st period - Jason Allison wins face-off versus Daymond Langkow in Senateurs zone.
3:34 of 1st period - Snap shot by Corey Perry.
3:34 of 1st period - Stopped by Ondrej Pavelec with a rebound.
3:46 of 1st period - Wrist shot by Daymond Langkow.
3:46 of 1st period - Shot Misses the Net.
4:04 of 1st period - Snap shot by Brenden Morrow.
4:04 of 1st period - Deflect By Todd Bertuzzi.
4:04 of 1st period - Stopped by Marty Turco without a rebound.
4:05 of 1st period - Mike Comrie wins face-off versus Gilbert Brule in Avalanche zone.
4:10 of 1st period - Mike Comrie is hit by Andy McDonald and loses puck.
4:35 of 1st period - Wrist shot by Brian Campbell.
4:35 of 1st period - Stopped by Ondrej Pavelec with a rebound.
5:24 of 1st period - Slapshot by Daymond Langkow.
5:24 of 1st period - Shot Blocked by Brian Campbell.
5:55 of 1st period - Kurtis Foster is hit by Dave Tanabe and loses puck.
6:02 of 1st period - Backhand shot by Bryan Little.
6:02 of 1st period - Stopped by Ondrej Pavelec without a rebound.
6:03 of 1st period - Andrew Ebbett wins face-off versus Jason Allison in Senateurs zone.
6:14 of 1st period - Ryan Smyth is hit by Dan Girardi and loses puck.
6:35 of 1st period - Wrist shot by Jason Pominville.
6:35 of 1st period - Stopped by Ondrej Pavelec with a rebound.
6:37 of 1st period - Wrist shot by Pierre-Marc Bouchard.
6:37 of 1st period - Shot Misses the Net.
7:35 of 1st period - Wrist shot by Rob Niedermayer.
7:35 of 1st period - Shot Misses the Net.
7:59 of 1st period - Max Pacioretty is hit by Daymond Langkow and loses puck.
8:34 of 1st period - Jack Johnson is hit by B.J. Crombeen and loses puck.
9:02 of 1st period - Snap shot by Brenden Morrow.
9:02 of 1st period - Shot Blocked by Shane O'Brien.
9:54 of 1st period - Max Pacioretty is hit by B.J. Crombeen and loses puck.
10:38 of 1st period - Slapshot by Vitaly Vishnevsky.
10:38 of 1st period - Stopped by Marty Turco with a rebound.
11:05 of 1st period - Wrist shot by Andy Hilbert.
11:05 of 1st period - Shot Blocked by Ryan Smyth.
11:29 of 1st period - Slapshot by B.J. Crombeen.
11:29 of 1st period - Shot Misses the Net.
11:39 of 1st period - Sami Salo is hit by Dustin Byfuglien and loses puck.
12:00 of 1st period - Backhand shot by Jason Allison.
12:00 of 1st period - Stopped by Ondrej Pavelec with a rebound.
12:02 of 1st period - Slapshot by Ryan Smyth.
12:02 of 1st period - Stopped by Ondrej Pavelec with a rebound.
12:13 of 1st period - Icing by Dan Hamhuis.
12:14 of 1st period - Daymond Langkow wins face-off versus Bryan Little in Senateurs zone.
13:00 of 1st period - Dave Tanabe is hit by Brenden Morrow and loses puck.
13:49 of 1st period - Snap shot by Jean-Pierre Dumont.
13:49 of 1st period - Stopped by Marty Turco with a rebound.
13:51 of 1st period - Slapshot by Carlo Colaiacovo.
13:51 of 1st period - Deflect By Gilbert Brule.
13:51 of 1st period - Goal by Gilbert Brule - Avalanche : 0 - Senateurs : 2.
13:52 of 1st period - Jason Allison wins face-off versus Daymond Langkow in neutral zone.
14:05 of 1st period - Snap shot by Daymond Langkow.
14:05 of 1st period - Shot Misses the Net.
14:07 of 1st period - Snap shot by Brenden Morrow.
14:07 of 1st period - Deflect By Ryan Smyth.
14:07 of 1st period - Stopped by Marty Turco with a rebound.
14:43 of 1st period - Off-side.
14:44 of 1st period - Jason Allison wins face-off versus Daymond Langkow in neutral zone.
14:53 of 1st period - Snap shot by Corey Perry.
14:53 of 1st period - Shot Misses the Net.
14:55 of 1st period - Wrist shot by Corey Perry.
14:55 of 1st period - Shot Blocked by Dan Hamhuis.
14:57 of 1st period - Wrist shot by Corey Perry.
14:57 of 1st period - Deflect By Jason Allison.
14:57 of 1st period - Stopped by Ondrej Pavelec without a rebound.
14:58 of 1st period - Daymond Langkow wins face-off versus Jason Allison in Senateurs zone.
15:07 of 1st period - Snap shot by Corey Perry.
15:07 of 1st period - Stopped by Ondrej Pavelec without a rebound.
15:08 of 1st period - Jason Allison wins face-off versus Daymond Langkow in Senateurs zone.
15:18 of 1st period - Snap shot by Jason Allison.
15:18 of 1st period - Stopped by Ondrej Pavelec with a rebound.
16:21 of 1st period - Backhand shot by Corey Perry.
16:21 of 1st period - Shot Misses the Net.
16:23 of 1st period - Snap shot by Ryan Smyth.
16:23 of 1st period - Stopped by Ondrej Pavelec without a rebound.
16:24 of 1st period - Gilbert Brule wins face-off versus Pierre-Marc Bouchard in Senateurs zone.
16:38 of 1st period - Minor Penalty to Andy McDonald for Goalie Interference.
16:39 of 1st period - Pierre-Marc Bouchard wins face-off versus Brenden Morrow in Senateurs zone.
16:45 of 1st period - Wrist shot by Max Pacioretty.
16:45 of 1st period - Stopped by Ondrej Pavelec with a rebound.
16:47 of 1st period - Slapshot by Drew Doughty.
16:47 of 1st period - Shot Misses the Net.
16:49 of 1st period - Snap shot by Pierre-Marc Bouchard.
16:49 of 1st period - Deflect By Max Pacioretty.
16:49 of 1st period - Stopped by Ondrej Pavelec without a rebound.
16:50 of 1st period - Brenden Morrow wins face-off versus Pierre-Marc Bouchard in Senateurs zone.
17:00 of 1st period - Slapshot by Jason Pominville.
17:00 of 1st period - Stopped by Ondrej Pavelec without a rebound.
17:01 of 1st period - Jason Allison wins face-off versus Nikita Alexeev in Senateurs zone.
17:10 of 1st period - Snap shot by Corey Perry.
17:10 of 1st period - Shot Misses the Net.
17:12 of 1st period - Slapshot by Drew Doughty.
17:12 of 1st period - Shot Blocked by Vitaly Vishnevsky.
18:19 of 1st period - Pierre-Marc Bouchard is hit by Darcy Hordichuk and loses puck.
18:38 of 1st period - Penalty to Andy McDonald is over, Andy McDonald is back on ice.
18:52 of 1st period - Snap shot by Andy McDonald.
18:52 of 1st period - Shot Misses the Net.
19:06 of 1st period - Wrist shot by Andrew Ladd.
19:06 of 1st period - Stopped by Ondrej Pavelec without a rebound.
19:07 of 1st period - Bryan Little wins face-off versus Andrew Ebbett in Senateurs zone.
19:12 of 1st period - Slapshot by Bryan Little.
19:12 of 1st period - Stopped by Ondrej Pavelec with a rebound.
19:30 of 1st period - Bryan Little is hit by Andy Hilbert and loses puck.
19:45 of 1st period - Slapshot by Jack Johnson.
19:45 of 1st period - Shot Blocked by Dan Hamhuis.
Goals for this period are 0 for Avalanche vs 2 for Senateurs.
Shots for this period are 16 for Avalanche vs 6 for Senateurs.

2nd period


0:01 of 2nd period - Todd Bertuzzi wins face-off versus Pierre-Marc Bouchard in neutral zone.
0:06 of 2nd period - Snap shot by Brenden Morrow.
0:06 of 2nd period - Stopped by Marty Turco without a rebound.
0:07 of 2nd period - Pierre-Marc Bouchard wins face-off versus Daymond Langkow in Avalanche zone.
0:12 of 2nd period - Snap shot by Brenden Morrow.
0:12 of 2nd period - Deflect By Daymond Langkow.
0:12 of 2nd period - Shot Misses the Net.
0:12 of 2nd period - Puck is out of play.
0:13 of 2nd period - Todd Bertuzzi wins face-off versus Jason Allison in Avalanche zone.
0:18 of 2nd period - Snap shot by Daymond Langkow.
0:18 of 2nd period - Shot Misses the Net.
0:20 of 2nd period - Wrist shot by Brenden Morrow.
0:20 of 2nd period - Shot Blocked by Drew Doughty.
1:03 of 2nd period - Slapshot by Drew Doughty.
1:03 of 2nd period - Shot Blocked by Kurtis Foster.
1:09 of 2nd period - Dustin Byfuglien is hit by Vitaly Vishnevsky and loses puck.
1:48 of 2nd period - Slapshot by Carlo Colaiacovo.
1:48 of 2nd period - Stopped by Marty Turco without a rebound.
1:49 of 2nd period - Gilbert Brule wins face-off versus Pierre-Marc Bouchard in Avalanche zone.
2:02 of 2nd period - Wrist shot by Andy McDonald.
2:02 of 2nd period - Shot Misses the Net.
2:14 of 2nd period - Sami Salo is hit by Corey Perry and loses puck.
2:33 of 2nd period - Minor Penalty to Todd Bertuzzi for Hooking.
2:34 of 2nd period - Jason Allison wins face-off versus Brenden Morrow in Senateurs zone.
3:55 of 2nd period - Snap shot by Nikita Alexeev.
3:55 of 2nd period - Stopped by Marty Turco with a rebound.
4:33 of 2nd period - Penalty to Todd Bertuzzi is over, Todd Bertuzzi is back on ice.
4:47 of 2nd period - Minor Penalty to Jack Johnson for Slashing.
4:48 of 2nd period - Mike Comrie wins face-off versus Daymond Langkow in Avalanche zone.
5:30 of 2nd period - Daymond Langkow is hit by Dustin Byfuglien and loses puck.
6:47 of 2nd period - Penalty to Jack Johnson is over, Jack Johnson is back on ice.
6:57 of 2nd period - Andrew Ebbett is hit by Max Pacioretty and loses puck.
7:20 of 2nd period - Snap shot by Andy Hilbert.
7:20 of 2nd period - Shot Misses the Net.
7:35 of 2nd period - Off-side.
7:36 of 2nd period - Andrew Ebbett wins face-off versus Bryan Little in neutral zone.
8:06 of 2nd period - Snap shot by Brenden Morrow.
8:06 of 2nd period - Stopped by Marty Turco with a rebound.
8:35 of 2nd period - Vitaly Vishnevsky is hit by Max Pacioretty and loses puck.
8:52 of 2nd period - Wrist shot by Jason Pominville.
8:52 of 2nd period - Shot Blocked by Andy McDonald.
9:52 of 2nd period - Snap shot by Gilbert Brule.
9:52 of 2nd period - Stopped by Marty Turco with a rebound.
9:54 of 2nd period - Wrist shot by Gilbert Brule.
9:54 of 2nd period - Goal by Gilbert Brule - Avalanche : 0 - Senateurs : 3.
9:55 of 2nd period - Daymond Langkow wins face-off versus Jason Allison in neutral zone.
10:04 of 2nd period - Snap shot by Daymond Langkow.
10:04 of 2nd period - Shot Misses the Net.
10:20 of 2nd period - Mike Comrie is hit by B.J. Crombeen and loses puck.
10:27 of 2nd period - B.J. Crombeen is hit by Mike Comrie and loses puck.
10:46 of 2nd period - Rob Niedermayer is hit by Bryan Little and loses puck.
11:18 of 2nd period - Carlo Colaiacovo is hit by Michael Rupp and loses puck.
12:47 of 2nd period - Andrew Ladd is hit by Vitaly Vishnevsky and loses puck.
13:13 of 2nd period - Daymond Langkow is hit by Jack Johnson and loses puck.
13:33 of 2nd period - Darcy Hordichuk is hit by Mike Comrie and loses puck.
14:07 of 2nd period - Max Pacioretty is hit by Sami Salo and loses puck.
14:42 of 2nd period - Minor Penalty to Jean-Pierre Dumont for High sticking.
14:43 of 2nd period - Brenden Morrow wins face-off versus Jason Allison in Senateurs zone.
14:43 of 2nd period - Brenden Morrow is hit by Dave Tanabe.
15:22 of 2nd period - Pierre-Marc Bouchard is hit by Darcy Hordichuk and loses puck.
15:47 of 2nd period - Marc Staal is hit by Sami Salo and loses puck.
16:16 of 2nd period - Jack Johnson is hit by Kurtis Foster and loses puck.
16:23 of 2nd period - Max Pacioretty is hit by Darcy Hordichuk and loses puck.
16:34 of 2nd period - Andy McDonald is hit by Jack Johnson and loses puck.
16:42 of 2nd period - Penalty to Jean-Pierre Dumont is over, Jean-Pierre Dumont is back on ice.
16:43 of 2nd period - Snap shot by Jason Pominville.
16:43 of 2nd period - Goal by Jason Pominville - Avalanche : 1 - Senateurs : 3.
16:44 of 2nd period - Daymond Langkow wins face-off versus Corey Perry in neutral zone.
16:47 of 2nd period - Wrist shot by Brenden Morrow.
16:47 of 2nd period - Stopped by Marty Turco with a rebound.
16:49 of 2nd period - Slapshot by Carlo Colaiacovo.
16:49 of 2nd period - Stopped by Marty Turco with a rebound.
16:51 of 2nd period - Snap shot by Carlo Colaiacovo.
16:51 of 2nd period - Deflect By Brenden Morrow.
16:51 of 2nd period - Goal by Brenden Morrow - Avalanche : 1 - Senateurs : 4.
16:51 of 2nd period - Jimmy Howard enters game.
16:52 of 2nd period - Jason Allison wins face-off versus Daymond Langkow in neutral zone.
16:57 of 2nd period - Wrist shot by Corey Perry.
16:57 of 2nd period - Shot Blocked by Brenden Morrow.
16:59 of 2nd period - Snap shot by Ryan Smyth.
16:59 of 2nd period - Shot Misses the Net.
17:01 of 2nd period - Slapshot by Jack Johnson.
17:01 of 2nd period - Stopped by Ondrej Pavelec with a rebound.
17:03 of 2nd period - Snap shot by Ryan Smyth.
17:03 of 2nd period - Stopped by Ondrej Pavelec with a rebound.
17:17 of 2nd period - Kurtis Foster is hit by Michael Rupp and loses puck.
17:22 of 2nd period - Wrist shot by Dustin Byfuglien.
17:22 of 2nd period - Stopped by Ondrej Pavelec with a rebound.
17:49 of 2nd period - Wrist shot by Jason Pominville.
17:49 of 2nd period - Shot Misses the Net.
18:20 of 2nd period - Off-side.
18:21 of 2nd period - Daymond Langkow wins face-off versus Chuck Kobasew in neutral zone.
18:26 of 2nd period - Snap shot by Brenden Morrow.
18:26 of 2nd period - Stopped by Jimmy Howard without a rebound.
18:27 of 2nd period - Daymond Langkow wins face-off versus Jason Allison in Avalanche zone.
18:32 of 2nd period - Slapshot by Todd Bertuzzi.
18:32 of 2nd period - Stopped by Jimmy Howard without a rebound.
18:33 of 2nd period - Daymond Langkow wins face-off versus Jason Allison in Avalanche zone.
18:34 of 2nd period - Wrist shot by Brenden Morrow.
18:34 of 2nd period - Stopped by Jimmy Howard with a rebound.
19:55 of 2nd period - Slapshot by Drew Doughty.
19:55 of 2nd period - Deflect By Mike Comrie.
19:55 of 2nd period - Shot Misses the Net.
19:55 of 2nd period - Puck is out of play.
19:56 of 2nd period - Jason Allison wins face-off versus Daymond Langkow in Senateurs zone.
19:57 of 2nd period - Snap shot by Corey Perry.
19:57 of 2nd period - Stopped by Ondrej Pavelec with a rebound.
Goals for this period are 1 for Avalanche vs 2 for Senateurs.
Shots for this period are 5 for Avalanche vs 12 for Senateurs.

3rd period


0:01 of 3rd period - Daymond Langkow wins face-off versus Jason Allison in neutral zone.
0:10 of 3rd period - Snap shot by Todd Bertuzzi.
0:10 of 3rd period - Deflect By Brenden Morrow.
0:10 of 3rd period - Shot Misses the Net.
0:10 of 3rd period - Puck is out of play.
0:11 of 3rd period - Daymond Langkow wins face-off versus Jason Allison in Avalanche zone.
0:36 of 3rd period - Max Pacioretty is hit by Andy McDonald and loses puck.
1:01 of 3rd period - Snap shot by B.J. Crombeen.
1:01 of 3rd period - Shot Blocked by Dave Tanabe.
1:09 of 3rd period - Dave Tanabe is hit by Vitaly Vishnevsky and loses puck.
1:52 of 3rd period - Slapshot by Dustin Byfuglien.
1:52 of 3rd period - Stopped by Ondrej Pavelec with a rebound.
1:54 of 3rd period - Wrist shot by Dustin Byfuglien.
1:54 of 3rd period - Stopped by Ondrej Pavelec without a rebound.
1:55 of 3rd period - Pierre-Marc Bouchard wins face-off versus Daymond Langkow in Senateurs zone.
2:09 of 3rd period - Minor Penalty to Todd Bertuzzi for Hooking.
2:10 of 3rd period - Brenden Morrow wins face-off versus Jason Allison in Senateurs zone.
2:10 of 3rd period - Brenden Morrow is hit by Ryan Smyth.
2:26 of 3rd period - Slapshot by Ryan Smyth.
2:26 of 3rd period - Shot Misses the Net.
2:42 of 3rd period - Slapshot by Drew Doughty.
2:42 of 3rd period - Goal by Drew Doughty - Avalanche : 2 - Senateurs : 4.
2:43 of 3rd period - Jason Allison wins face-off versus Daymond Langkow in neutral zone.
2:52 of 3rd period - Slapshot by Jack Johnson.
2:52 of 3rd period - Shot Misses the Net.
2:54 of 3rd period - Wrist shot by Ryan Smyth.
2:54 of 3rd period - Stopped by Ondrej Pavelec with a rebound.
2:56 of 3rd period - Wrist shot by Corey Perry.
2:56 of 3rd period - Shot Misses the Net.
3:10 of 3rd period - Jason Pominville is hit by Gilbert Brule.
4:02 of 3rd period - Icing by Dan Girardi.
4:03 of 3rd period - Jason Allison wins face-off versus Rob Niedermayer in Senateurs zone.
4:07 of 3rd period - Minor Penalty to Nikita Alexeev for Holding Stick.
4:08 of 3rd period - Jason Allison wins face-off versus Brenden Morrow in Senateurs zone.
5:25 of 3rd period - Max Pacioretty is hit by Kurtis Foster and loses puck.
6:07 of 3rd period - Penalty to Nikita Alexeev is over, Nikita Alexeev is back on ice.
6:11 of 3rd period - Snap shot by Andy McDonald.
6:11 of 3rd period - Stopped by Jimmy Howard with a rebound.
6:24 of 3rd period - Snap shot by Nikita Alexeev.
6:24 of 3rd period - Shot Misses the Net.
6:57 of 3rd period - Pierre-Marc Bouchard is hit by Jean-Pierre Dumont and loses puck.
7:13 of 3rd period - Minor Penalty to Corey Perry for Cross-checking.
7:14 of 3rd period - Daymond Langkow wins face-off versus Mike Comrie in Avalanche zone.
7:32 of 3rd period - Minor Penalty to Andrew Ladd for Goalie Interference.
7:33 of 3rd period - Daymond Langkow wins face-off versus Mike Comrie in Avalanche zone.
7:48 of 3rd period - Wrist shot by Todd Bertuzzi.
7:48 of 3rd period - Deflect By Daymond Langkow.
7:48 of 3rd period - Deflect By Marc Staal.
7:48 of 3rd period - Shot Blocked by Jack Johnson.
7:48 of 3rd period - Puck is out of play.
7:49 of 3rd period - Mike Comrie wins face-off versus Daymond Langkow in Avalanche zone.
8:04 of 3rd period - Mike Comrie is hit by Vitaly Vishnevsky and loses puck.
9:13 of 3rd period - Penalty to Corey Perry is over, Corey Perry is back on ice.
9:32 of 3rd period - Penalty to Andrew Ladd is over, Andrew Ladd is back on ice.
9:47 of 3rd period - Wrist shot by Jason Allison.
9:47 of 3rd period - Stopped by Ondrej Pavelec without a rebound.
9:48 of 3rd period - Jason Allison wins face-off versus Andrew Ebbett in Senateurs zone.
9:49 of 3rd period - Wrist shot by Corey Perry.
9:49 of 3rd period - Stopped by Ondrej Pavelec without a rebound.
9:50 of 3rd period - Corey Perry wins face-off versus Andrew Ebbett in Senateurs zone.
9:51 of 3rd period - Snap shot by Ryan Smyth.
9:51 of 3rd period - Stopped by Ondrej Pavelec without a rebound.
9:52 of 3rd period - Andrew Ebbett wins face-off versus Jason Allison in Senateurs zone.
10:08 of 3rd period - Off-side.
10:09 of 3rd period - Pierre-Marc Bouchard wins face-off versus Daymond Langkow in neutral zone.
10:16 of 3rd period - Wrist shot by Pierre-Marc Bouchard.
10:16 of 3rd period - Deflect By Max Pacioretty.
10:16 of 3rd period - Stopped by Ondrej Pavelec without a rebound.
10:17 of 3rd period - Daymond Langkow wins face-off versus Pierre-Marc Bouchard in Senateurs zone.
10:26 of 3rd period - Snap shot by Daymond Langkow.
10:26 of 3rd period - Shot Misses the Net.
10:52 of 3rd period - Snap shot by Jean-Pierre Dumont.
10:52 of 3rd period - Shot Misses the Net.
11:07 of 3rd period - Slapshot by Andrew Ebbett.
11:07 of 3rd period - Shot Misses the Net.
12:13 of 3rd period - Slapshot by Kurtis Foster.
12:13 of 3rd period - Stopped by Jimmy Howard with a rebound.
12:21 of 3rd period - Brian Campbell is hit by B.J. Crombeen and loses puck.
12:30 of 3rd period - Snap shot by Brian Campbell.
12:30 of 3rd period - Shot Blocked by Vitaly Vishnevsky.
12:32 of 3rd period - Slapshot by Pierre-Marc Bouchard.
12:32 of 3rd period - Shot Blocked by Vitaly Vishnevsky.
12:38 of 3rd period - Snap shot by Jason Pominville.
12:38 of 3rd period - Goal by Jason Pominville - Avalanche : 3 - Senateurs : 4.
12:39 of 3rd period - Jason Allison wins face-off versus Daymond Langkow in neutral zone.
12:49 of 3rd period - Wrist shot by Brenden Morrow.
12:49 of 3rd period - Deflect By Todd Bertuzzi.
12:49 of 3rd period - Shot Blocked by Jack Johnson.
12:49 of 3rd period - Puck is out of play.
12:50 of 3rd period - Daymond Langkow wins face-off versus Jason Allison in Avalanche zone.
13:21 of 3rd period - Snap shot by Gilbert Brule.
13:21 of 3rd period - Shot Blocked by Andrew Ladd.
13:23 of 3rd period - Snap shot by Jean-Pierre Dumont.
13:23 of 3rd period - Stopped by Jimmy Howard without a rebound.
13:24 of 3rd period - Jason Allison wins face-off versus Andy McDonald in Avalanche zone.
13:31 of 3rd period - Shane O'Brien is hit by Andy McDonald.
13:49 of 3rd period - Sami Salo is hit by Max Pacioretty.
13:55 of 3rd period - Snap shot by Todd Bertuzzi.
13:55 of 3rd period - Stopped by Jimmy Howard without a rebound.
13:56 of 3rd period - Daymond Langkow wins face-off versus Jason Pominville in Avalanche zone.
14:05 of 3rd period - Snap shot by Todd Bertuzzi.
14:05 of 3rd period - Deflect By Daymond Langkow.
14:05 of 3rd period - Shot Blocked by Jason Pominville.
14:05 of 3rd period - Puck is out of play.
14:06 of 3rd period - Jason Allison wins face-off versus Brenden Morrow in Avalanche zone.
14:06 of 3rd period - Jason Allison is hit by Brenden Morrow.
14:14 of 3rd period - Snap shot by Daymond Langkow.
14:14 of 3rd period - Stopped by Jimmy Howard without a rebound.
14:15 of 3rd period - Daymond Langkow wins face-off versus Jason Allison in Avalanche zone.
14:18 of 3rd period - Wrist shot by Daymond Langkow.
14:18 of 3rd period - Shot Misses the Net.
14:28 of 3rd period - Backhand shot by Corey Perry.
14:28 of 3rd period - Shot Misses the Net.
14:30 of 3rd period - Wrist shot by Corey Perry.
14:30 of 3rd period - Stopped by Ondrej Pavelec with a rebound.
14:32 of 3rd period - Slapshot by Jack Johnson.
14:32 of 3rd period - Deflect By Ryan Smyth.
14:32 of 3rd period - Shot Hit the Post.
14:32 of 3rd period - Puck is out of play.
14:33 of 3rd period - Pierre-Marc Bouchard wins face-off versus Gilbert Brule in Senateurs zone.
14:39 of 3rd period - Minor Penalty to Jean-Pierre Dumont for Tripping.
14:40 of 3rd period - Brenden Morrow wins face-off versus Jason Allison in Senateurs zone.
14:50 of 3rd period - Wrist shot by Daymond Langkow.
14:50 of 3rd period - Shot Misses the Net.
14:52 of 3rd period - Slapshot by Kurtis Foster.
14:52 of 3rd period - Stopped by Jimmy Howard without a rebound.
14:53 of 3rd period - Brenden Morrow wins face-off versus Jason Allison in Avalanche zone.
14:56 of 3rd period - Snap shot by Daymond Langkow.
14:56 of 3rd period - Stopped by Jimmy Howard with a rebound.
15:30 of 3rd period - Snap shot by Darcy Hordichuk.
15:30 of 3rd period - Stopped by Jimmy Howard with a rebound.
15:57 of 3rd period - Icing by Marc Staal.
15:58 of 3rd period - Nikita Alexeev wins face-off versus Jason Allison in Avalanche zone.
16:19 of 3rd period - Snap shot by Pierre-Marc Bouchard.
16:19 of 3rd period - Stopped by Ondrej Pavelec with a rebound.
16:21 of 3rd period - Slapshot by Dave Tanabe.
16:21 of 3rd period - Deflect By Jason Pominville.
16:21 of 3rd period - Shot Misses the Net.
16:21 of 3rd period - Puck is out of play.
16:22 of 3rd period - Pierre-Marc Bouchard wins face-off versus Brenden Morrow in Senateurs zone.
16:31 of 3rd period - Wrist shot by Jason Pominville.
16:31 of 3rd period - Deflect By Max Pacioretty.
16:31 of 3rd period - Goal by Max Pacioretty - Avalanche : 4 - Senateurs : 4.
16:32 of 3rd period - Jason Allison wins face-off versus Darcy Hordichuk in neutral zone.
17:14 of 3rd period - Todd Bertuzzi is hit by Chuck Kobasew and loses puck.
17:38 of 3rd period - Slapshot by Drew Doughty.
17:38 of 3rd period - Shot Misses the Net.
17:40 of 3rd period - Wrist shot by Max Pacioretty.
17:40 of 3rd period - Goal by Max Pacioretty - Avalanche : 5 - Senateurs : 4.
17:41 of 3rd period - Andrew Ebbett wins face-off versus Mike Comrie in neutral zone.
17:46 of 3rd period - Michael Rupp is hit by Darcy Hordichuk and loses puck.
18:06 of 3rd period - Jack Johnson is hit by Dan Hamhuis and loses puck.
18:49 of 3rd period - Dan Girardi is hit by Shane O'Brien and loses puck.
18:54 of 3rd period - Senateurs, Ondrej Pavelec is pulled from the net.
18:56 of 3rd period - Snap shot by Brenden Morrow.
18:56 of 3rd period - Stopped by Jimmy Howard with a rebound.
Goals for this period are 4 for Avalanche vs 0 for Senateurs.
Shots for this period are 13 for Avalanche vs 9 for Senateurs.


Output by the SimonT Hockey Simulator (STHS) for François Prévost -- Original Page W3C XHTML 1.0 Valid
Hockey Simulator - Hockey Simulation - Hockey Manager